 Dungeon Crawl Stone Soup version 0.27-a0-931-g5a74e75d8f (webtiles) character file.

Game seed: 1497399588258955362

473 Alarkh the Insei (level 6, -2/48 HPs)
             Began as a Demonspawn Gladiator on Apr 10, 2021.
             Slain by an orc warrior
             ... wielding a +0 halberd
              (23 damage)
             ... on level 4 of the Dungeon.
             The game lasted 00:04:21 (4797 turns).

Alarkh the Insei (Demonspawn Gladiator)             Turns: 4797, Time: 00:04:21

Health: -2/48      AC:  6    Str: 13 (14) XL:     6   Next: 84%
Magic:  6/6        EV: 11    Int:  9 (11) God:
Gold:   142        SH: 10    Dex: 14 (15) Spells: 5/5 levels left

rFire    . . .     SeeInvis .     - Unarmed
rCold    + . .     Faith    .   e - +2 kite shield
rNeg     + . .     Spirit   .   a - +0 leather armour
rPois    .         Reflect  .   b - +0 helmet
rElec    .         Harm     .   f - +0 cloak
rCorr    .         Rampage  .   (no gloves)
Will     .....                  i - +0 pair of boots
Stlth    +.........             (no amulet)
HPRegen  0.16/turn              h - ring of positive energy
MPRegen  0.10/turn              p - ring of protection from cold

@: no status effects
A: claws 1, repulsion field 1, demonic guardian 1
a: no special abilities


You were on level 4 of the Dungeon.
You visited 1 branch of the dungeon, and saw 4 of its levels.

You collected 142 gold pieces.

Inventory:

Missiles
 c - a throwing net (quivered)
Armour
 a - a +0 leather armour (worn)
 b - a +0 helmet (worn)
 e - a +2 kite shield (worn)
 f - a +0 cloak (worn)
 i - a +0 pair of boots (worn)
Magical Staves
 o - a staff of cold
Jewellery
 h - a ring of positive energy (left claw)
 p - a ring of protection from cold (right claw)
Wands
 n - a wand of iceblast (2)
Scrolls
 g - a scroll of magic mapping {unknown}
 j - 2 scrolls of identify {unknown}
 k - 2 scrolls of teleportation {unknown}
 l - 2 scrolls of noise {unknown}
 m - 2 scrolls of vulnerability {unknown}
 q - a scroll of immolation {unknown}
 r - a scroll of acquirement {unknown}
Potions
 d - a potion of degeneration
 s - a potion of lignification {unknown}


   Skills:
 + Level 4.0 Fighting
 - Level 1.7 Throwing
 - Level 2.6 Dodging
 + Level 2.8 Shields
 * Level 5.4 Unarmed Combat


You had 5 spell levels left.
You didn't know any spells.
Your spell library contained the following spells:

 Spells                   Type           Power      Damage    Failure   Level
 Animate Skeleton         Necr           0%         N/A       94%         1
 Pain                     Necr           0%         1d4       94%         1
 Vampiric Draining        Necr           0%         2d6       100%        3
 Animate Dead             Necr           0%         N/A       100%        4
 Agony                    Necr           0%         N/A       100%        5


Dungeon Overview and Level Annotations

Branches:
Dungeon (4/15)
 Temple: D:4-7

Altars:
Wu Jian

Shops:
D:2 *


Innate Abilities, Weirdness & Mutations

You have sharp fingernails.
You are surrounded by a mild repulsion field. (EV +2)
A weak demonic guardian rushes to your aid.


Message History

You scratch the orc priest.
The orc priest is severely wounded.
You block the orc priest's attack.
Your shield prevents you from hitting the orc priest.
The orc priest is severely wounded.
The orc priest hits you with a +0 short sword.
* * * LOW HITPOINT WARNING * * *
You barely miss the orc priest.
The orc priest is severely wounded.
The orc priest misses you.
You scratch the orc priest.
You kill the orc priest!
Things that are here:
a +0 short sword; a +0 leather armour; an orc corpse You start resting.
HP restored.
An orc warrior is nearby!
An orc warrior is nearby!
An orc warrior is nearby!
Okay, then.
Aiming: Iceblast
Press: ? - help, Shift-Dir - straight line, f - orc warrior
Aim: an orc warrior, wielding a +0 halberd and wearing a +0 chain mail The mass of ice explodes!
The iceblast engulfs the orc warrior!
The orc warrior is heavily wounded.
You hear a shout! x2
Aiming: Iceblast
Press: ? - help, Shift-Dir - straight line, f/p - orc warrior
Aim: an orc warrior, wielding a +0 halberd and wearing a +0 chain mail (heavily wounded)
The mass of ice explodes!
The iceblast engulfs the orc warrior!
The orc warrior is almost dead.
Unknown command.
The orc warrior closely misses you.
You scratch the orc warrior.
The orc warrior is almost dead.
The orc warrior hits you with a +0 halberd!!
You scratch the orc warrior but do no damage.
The orc warrior is almost dead.
The orc warrior hits you with a +0 halberd!!
You die...

............####..#.##
#....### ###.######.....#.#.##
#.#..# ##.## #.o###..#.#
#.#..### #.### #.o..#..#.#
#....... #. ... #..#.#....#
#.#####. # ##.. #.....#..##
#.# #. # .(...
#.##.##..########.# #. #
8.8...#........†..##....# #. #
..($$.......o@....##.##.#####)
#
.###..#.##........##.##..))).)
# ## #.##........##.###)#####
.. #.###........).......... #
#...........##.###.##### .
..#................#
.##.).....####.#####
..........# #.# .##.......#
#.#


You could see an orc warrior.

Vanquished Creatures
  Blork the orc (D:4)
  A jelly (D:4)
  An orc priest (D:4)
  Natasha (twice) (D:4)
  2 orc wizards (D:3)
  Ijyb (D:3)
  2 iguanas
  Robin (D:4)
  A gnoll (D:1)
  3 adders
  An ufetubus (D:4)
  3 worms (D:2)
  2 dart slugs
  10 orcs
  5 ball pythons
  5 bats
  4 endoplasms
  5 giant cockroaches
  10 goblins
  7 hobgoblins
  10 jackals
  6 quokkas
  A frilled lizard (D:1)
  4 kobolds
  3 rats (D:2)
91 creatures vanquished.

Vanquished Creatures (collateral kills)
  Natasha (D:4)
  An orc (D:3)
  A goblin (D:4)
3 creatures vanquished.

Grand Total: 94 creatures vanquished

Notes
Turn   | Place    | Note
-------+----------+-------------------------------------------
     0 | D:1      | Alarkh the Demonspawn Gladiator began the quest for the
                  | Orb.
     0 | D:1      | Reached XP level 1. HP: 16/16 MP: 1/1
     2 | D:1      | Noticed a draconian
     2 | D:1      | Noticed a dwarf
     4 | D:1      | Noticed a gargoyle
     4 | D:1      | Noticed a human
     6 | D:1      | Noticed a tengu
     6 | D:1      | Noticed a barachi
     8 | D:1      | Noticed a felid
     8 | D:1      | Noticed a vampire
    10 | D:1      | Noticed an elf
    10 | D:1      | Noticed a ghoul
    14 | D:1      | Noticed an ogre
    14 | D:1      | Noticed a formicid
    16 | D:1      | Noticed a troll
    18 | D:1      | Noticed a merfolk
    18 | D:1      | Noticed a vine stalker
    20 | D:1      | Noticed a demonspawn
    20 | D:1      | Noticed a minotaur
    22 | D:1      | Noticed a palentonga
    22 | D:1      | Noticed a spriggan
    24 | D:1      | Noticed an octopode
    24 | D:1      | Noticed a naga
    26 | D:1      | Noticed a demigod
    26 | D:1      | Noticed a centaur
    71 | D:1      | Reached skill level 3 in Unarmed Combat
    71 | D:1      | Gained mutation: You have sharp fingernails. [demonic
                  | ancestry]
    71 | D:1      | Reached XP level 2. HP: 10/23 MP: 2/2
   457 | D:1      | Gained mutation: You are surrounded by a mild repulsion
                  | field. (EV +2) [demonic ancestry]
   457 | D:1      | Reached XP level 3. HP: 17/28 MP: 3/3
   862 | D:2      | Found a faded altar of an unknown god.
  1231 | D:2      | Reached skill level 1 in Shields
  1345 | D:2      | Reached XP level 4. HP: 34/34 MP: 4/4
  1400 | D:2      | Reached skill level 4 in Unarmed Combat
  1915 | D:2      | Found Hism's General Store.
  2087 | D:3      | Noticed Ijyb
  2107 | D:3      | Killed Ijyb
  2108 | D:3      | Gained mutation: A weak demonic guardian rushes to your
                  | aid. [demonic ancestry]
  2108 | D:3      | Reached XP level 5. HP: 41/41 MP: 5/5
  3129 | D:4      | Noticed Natasha
  3135 | D:4      | Killed Natasha
  3136 | D:4      | Noticed Blork the orc
  3154 | D:4      | Killed Blork the orc
  3155 | D:4      | Reached skill level 5 in Unarmed Combat
  3155 | D:4      | Reached XP level 6. HP: 13/48 MP: 6/6
  3329 | D:4      | Noticed Natasha
  3337 | D:4      | Killed Natasha
  3456 | D:3      | Found an ornate altar of the Wu Jian Council.
  3499 | D:4      | Noticed an orc warrior
  3780 | D:3      | HP: 1/48 [something (3)]
  4417 | D:4      | Noticed Robin
  4427 | D:4      | Killed Robin
  4590 | D:4      | Noticed Natasha
  4602 | D:4      | Killed Natasha
  4797 | D:4      | Slain by an orc warrior

Illustrated notes

Levels and vault maps discovered:
D:1:      kb_arrival_jail, layout_rooms
D:2:      layout_loops_corners, ebering_ecumenical_altar_rust, serial_shops,
          nicolae_shop_waterfront, chequers_serial_rivers_large_b
D:3:      layout_basic, nicolae_overflow_hidden_temple, uniq_ijyb
D:4:      layout_loops_ring, kennysheep_big_empty_room, guppyfry_early_orc_mine,
          uniq_robin, uniq_sigmund, uniq_blork_the_orc, uniq_natasha

Skill      XL: |  1  2  3  4  5  6 |
---------------+-------------------+-----
Unarmed Combat | 3 4 5 |  5.4
Shields        | 1 2 |  2.8
Fighting       | 3 4 |  4.0
Throwing       | |  1.7
Dodging        | |  2.6

Action                   |  1- 3 |  4- 6 || total
-------------------------+-------+-------++-------
Melee: Unarmed           |   119 |   225 ||   344
Throw: Throwing net      |     1 |     2 ||     3
Evoke: Wand              |       |     2 ||     2
  Use: Potion            |       |     2 ||     2
 Stab: Held in net/web   |     3 |       ||     3
       Sleeping          |     2 |     1 ||     3
Armor: Leather armour    |    40 |    59 ||    99
Dodge: Dodged            |    62 |    82 ||   144
Block: Kite shield       |    55 |   109 ||   164

Table legend: (Time is in decaauts)
 A = Elapsed time spent in this place.
 B = Non-inter-level travel time spent in this place.
 C = Inter-level travel time spent in this place.
 D = Time resting spent in this place.
 E = Time spent auto-exploring this place.
 F = Levels seen in this place.
 G = Mean time per level.
                   A        B        C        D        E       F      G
               +--------+--------+--------+--------+--------+-----+--------+
         Total |   4916 |   4776 |    140 |    933 |   3077 |   4 | 1229.0 |
       Dungeon |   4916 |   4776 |    140 |    933 |   3077 |   4 | 1229.0 |
               +--------+--------+--------+--------+--------+-----+--------+

Top non-repeatable levels by time:
     D:3: 1689 daAuts
     D:2: 1293 daAuts
     D:4: 1120 daAuts
     D:1: 814 daAuts
